3AAA
AUSTIN BLACK MAMBAS @ PORT HURON BLITZKRIEG
06/06/2054
 
TOP OF THE 1ST
Austin Black Mambas batting - Pitching for Port Huron Blitzkrieg : LHP Gustavo Rivera
Pitching: LHP Gustavo Rivera
Batting: LHB Bruce Booth 0-0: Ball
1-0: Called Strike
1-1: Foul Ball, location: 2F
1-2: Ball
2-2: SINGLE (Groundball, 5D, EV 100.0 MPH)
Batting: LHB Miguel Angel Ibáñez 0-0: Called Strike
0-1: Swinging Strike
0-2: SINGLE (Groundball, 4D, EV 108.8 MPH)
Bruce Booth to second
Runner from 2nd tries for 3rd, SAFE, throw by CF made to third
Batting: RHB Jon Anderson 0-0: Called Strike
0-1: Fly out, F7 (Flyball, 78M, EV 83.1 MPH)
Runner from 3rd tags up, SCORES, throw by LF
Batting: RHB Kuniyuki Sato 0-0: Called Strike
Miguel Angel Ibáñez steals 2nd base
0-1: Ball
1-1: Called Strike
1-2: Ball
2-2: Strikes out swinging
Batting: RHB Francisco Aguilar 0-0: Fly out, F9 (Flyball, 89M, EV 90.6 MPH)
Top of the 1st over - 1 run, 2 hits, 0 errors, 1 left on base; Austin 1 - Port Huron 0
BOTTOM OF THE 1ST
Port Huron Blitzkrieg batting - Pitching for Austin Black Mambas : RHP Carlos Gómez
Pitching: RHP Carlos Gómez
Batting: LHB Ralph McDonald 0-0: Ball
1-0: Foul Ball, location: 2F
1-1: Swinging Strike
1-2: Strikes out swinging
Batting: SHB Barnes Libbinga 0-0: Called Strike
0-1: Ground out 6-3 (Groundball, 4MS, EV 85.6 MPH)
Batting: RHB Dale Gribble 0-0: Called Strike
0-1: Foul Ball, location: 2F
0-2: Ball
1-2: Ball
2-2: Foul Ball, location: 2F
2-2: Ball
3-2: Foul Ball, location: 2F
3-2: Strikes out swinging
Bottom of the 1st over - 0 runs, 0 hits, 0 errors, 0 left on base; Austin 1 - Port Huron 0
TOP OF THE 2ND
Austin Black Mambas batting - Pitching for Port Huron Blitzkrieg : LHP Gustavo Rivera
Batting: RHB Cal Moore 0-0: Called Strike
0-1: Called Strike
0-2: Ground out 6-3 (Groundball, 56, EV 107.5 MPH)
Batting: RHB Bogdashka Eremkin 0-0: Foul Ball, location: 2F
0-1: Ball
1-1: Fly out, F9 (Flyball, 9D, EV 100.0 MPH)
Batting: SHB Raúl Hernández 0-0: Fly out, F7 (Flyball, 78M, EV 83.8 MPH)
Top of the 2nd over - 0 runs, 0 hits, 0 errors, 0 left on base; Austin 1 - Port Huron 0
BOTTOM OF THE 2ND
Port Huron Blitzkrieg batting - Pitching for Austin Black Mambas : RHP Carlos Gómez
Batting: SHB Mike Sherman 0-0: Called Strike
0-1: Ball
1-1: Ball
2-1: Ball
3-1: Base on Balls
Batting: SHB Tom Gray 0-0: Ball
1-0: Ball
2-0: 2-RUN HOME RUN (Flyball, 9D, EV 92.5 MPH), Distance : 343 ft
Batting: LHB Keith Finley 0-0: Called Strike
0-1: Called Strike
0-2: Ball
1-2: Ball
2-2: Ground out 4-3 (Groundball, 4, EV 82.5 MPH)
Batting: RHB Danny Warren 0-0: SOLO HOME RUN (Flyball, 9D, EV 96.2 MPH), Distance : 353 ft
Batting: RHB Jorge Muñóz 0-0: Foul Ball, location: 2F
0-1: DOUBLE (Line Drive, 3D, EV 101.2 MPH)
Batting: RHB Zachary Spilsbury 0-0: Ball
1-0: Ground out 6-3 (Groundball, 6, EV 81.9 MPH)
Batting: LHB Ralph McDonald 0-0: Called Strike
0-1: TRIPLE (Flyball, 8LXD, EV 106.2 MPH)
Jorge Muñóz scores
Batting: SHB Barnes Libbinga 0-0: SINGLE (Flyball, 8LS, EV 90.0 MPH)
Ralph McDonald scores
Batting: RHB Dale Gribble 0-0: Called Strike
Barnes Libbinga steals 2nd, throwing error, E2
Barnes Libbinga to third
0-1: Ball
1-1: Called Strike
1-2: Strikes out swinging
Bottom of the 2nd over - 5 runs, 5 hits, 1 error, 1 left on base; Austin 1 - Port Huron 5
TOP OF THE 3RD
Austin Black Mambas batting - Pitching for Port Huron Blitzkrieg : LHP Gustavo Rivera
Batting: LHB Ron Stevenson 0-0: Ball
1-0: DOUBLE (Line Drive, 89D, EV 105.0 MPH)
Batting: LHB Bruce Booth 0-0: Ball
1-0: Swinging Strike
1-1: Ball
2-1: Foul Ball, location: 2F
2-2: Ball
3-2: Strikes out swinging
Batting: LHB Miguel Angel Ibáñez 0-0: Foul Ball, location: 2F
0-1: Ball
1-1: Ball
2-1: Fly out, F7 (Line Drive, 78M, EV 102.5 MPH)
Batting: RHB Jon Anderson 0-0: Ball
1-0: Ball
2-0: Foul Ball, location: 2F
2-1: Ground out U3 (Groundball, 3L, EV 101.9 MPH)
Top of the 3rd over - 0 runs, 1 hit, 0 errors, 1 left on base; Austin 1 - Port Huron 5
BOTTOM OF THE 3RD
Port Huron Blitzkrieg batting - Pitching for Austin Black Mambas : RHP Carlos Gómez
Batting: SHB Mike Sherman 0-0: Fly out, F7 (Flyball, 78D, EV 103.1 MPH)
Batting: SHB Tom Gray 0-0: Ball
1-0: Ball
2-0: Swinging Strike
2-1: Foul Ball, location: 2F
2-2: Strikes out swinging
Batting: LHB Keith Finley 0-0: DOUBLE (Flyball, 8RXD, EV 106.2 MPH)
Batting: RHB Danny Warren 0-0: Ball
1-0: Ball
2-0: Ball
3-0: Called Strike
3-1: Base on Balls
Pitching: RHP Katsunosuki Hirayama
Batting: RHB Jorge Muñóz 0-0: Ball
1-0: Called Strike
1-1: Ball
2-1: Foul Ball, location: 2F
2-2: Ball
3-2: Fly out, F8 (Flyball, 8LD, EV 102.5 MPH)
Bottom of the 3rd over - 0 runs, 1 hit, 0 errors, 2 left on base; Austin 1 - Port Huron 5
TOP OF THE 4TH
Austin Black Mambas batting - Pitching for Port Huron Blitzkrieg : LHP Gustavo Rivera
Batting: RHB Kuniyuki Sato 0-0: Ball
1-0: Ball
2-0: Called Strike
2-1: Ground out 5-3 (Groundball, 5S, EV 67.5 MPH)
Batting: RHB Francisco Aguilar 0-0: Foul Ball, location: 2F
0-1: Foul Ball, location: 2F
0-2: Ball
1-2: Ball
2-2: Foul Ball, location: 2F
2-2: Ball
3-2: Foul Ball, location: 2F
3-2: Foul Ball, location: 2F
3-2: Foul Ball, location: 2F
3-2: Ground out 5-3 (Groundball, 56, EV 105.0 MPH)
Batting: RHB Cal Moore 0-0: Called Strike
0-1: Foul Ball, location: 2F
0-2: Ball
1-2: SINGLE (Line Drive, 56D, EV 99.4 MPH)
Batting: RHB Bogdashka Eremkin 0-0: Called Strike
0-1: Foul Ball, location: 2F
0-2: Ball
1-2: Strikes out looking
Top of the 4th over - 0 runs, 1 hit, 0 errors, 1 left on base; Austin 1 - Port Huron 5
BOTTOM OF THE 4TH
Port Huron Blitzkrieg batting - Pitching for Austin Black Mambas : RHP Katsunosuki Hirayama
Batting: RHB Zachary Spilsbury 0-0: Called Strike
0-1: Foul Ball, location: 2F
0-2: Ball
1-2: Ball
2-2: Strikes out looking
Batting: LHB Ralph McDonald 0-0: Swinging Strike
0-1: SINGLE (Groundball, 5S, EV 71.2 MPH) (infield hit)
Batting: SHB Barnes Libbinga 0-0: Ball
1-0: Called Strike
1-1: Ball
2-1: Swinging Strike
2-2: Strikes out looking
Batting: RHB Dale Gribble 0-0: Called Strike
0-1: Called Strike
0-2: Ball
Wild Pitch!
Ralph McDonald to second
1-2: Strikes out swinging
Bottom of the 4th over - 0 runs, 1 hit, 0 errors, 1 left on base; Austin 1 - Port Huron 5
TOP OF THE 5TH
Austin Black Mambas batting - Pitching for Port Huron Blitzkrieg : LHP Gustavo Rivera
Batting: SHB Raúl Hernández 0-0: Ball
1-0: Foul Ball, location: 2F
1-1: Called Strike
1-2: Foul Ball, location: 2F
1-2: Strikes out swinging
Batting: LHB Ron Stevenson 0-0: Foul Ball, location: 2F
0-1: Swinging Strike
0-2: Strikes out swinging
Pitching: RHP Luis Montáñez
Batting: LHB Bruce Booth 0-0: Foul Ball, location: 2F
0-1: Ball
1-1: Called Strike
1-2: Ground out 5-3 (Groundball, 56, EV 90.0 MPH)
Top of the 5th over - 0 runs, 0 hits, 0 errors, 0 left on base; Austin 1 - Port Huron 5
BOTTOM OF THE 5TH
Port Huron Blitzkrieg batting - Pitching for Austin Black Mambas : RHP Katsunosuki Hirayama
Batting: SHB Mike Sherman 0-0: Called Strike
0-1: Swinging Strike
0-2: Ball
1-2: Ball
2-2: Ball
3-2: SINGLE (Groundball, 4MD, EV 93.8 MPH)
Batting: SHB Tom Gray 0-0: Foul Ball, location: 2F
0-1: Fly out, F7 (Flyball, 78S, EV 96.2 MPH)
Batting: LHB Keith Finley 0-0: Foul Ball, location: 2F
0-1: Foul Ball, location: 2F
0-2: Strikes out looking
Batting: RHB Danny Warren 0-0: Ball
1-0: Called Strike
1-1: Fly out, F7 (Line Drive, 78M, EV 93.1 MPH)
Bottom of the 5th over - 0 runs, 1 hit, 0 errors, 1 left on base; Austin 1 - Port Huron 5
TOP OF THE 6TH
Austin Black Mambas batting - Pitching for Port Huron Blitzkrieg : RHP Luis Montáñez
Batting: LHB Miguel Angel Ibáñez 0-0: Ball
1-0: Foul Ball, location: 2F
1-1: Ball
2-1: Foul Ball, location: 2F
2-2: Ground out 6-3 (Groundball, P, EV 86.9 MPH)
Batting: RHB Jon Anderson 0-0: Ball
1-0: Swinging Strike
1-1: Swinging Strike
1-2: SINGLE (Flyball, 8RS, EV 89.4 MPH)
Batting: RHB Kuniyuki Sato 0-0: Fly out, F8 (Flyball, 8LD, EV 99.4 MPH)
Batting: RHB Francisco Aguilar 0-0: Ball
1-0: Ground out U3 (Groundball, 3, EV 88.8 MPH)
Top of the 6th over - 0 runs, 1 hit, 0 errors, 1 left on base; Austin 1 - Port Huron 5
BOTTOM OF THE 6TH
Port Huron Blitzkrieg batting - Pitching for Austin Black Mambas : RHP Katsunosuki Hirayama
Batting: RHB Jorge Muñóz 0-0: Ball
1-0: Ground out 4-3 (Groundball, 34, EV 98.8 MPH)
Batting: RHB Zachary Spilsbury 0-0: Called Strike
0-1: Ball
1-1: Ball
2-1: Ball
3-1: Foul Ball, location: 2F
3-2: Strikes out swinging
Batting: LHB Ralph McDonald 0-0: Ball
1-0: Ball
2-0: Ball
3-0: Called Strike
3-1: Base on Balls
Batting: SHB Barnes Libbinga 0-0: Ball
1-0: Swinging Strike
1-1: Foul Ball, location: 2F
1-2: Ball
2-2: SINGLE (Groundball, 6MD, EV 105.0 MPH)
Ralph McDonald to second
Runner from 2nd tries for 3rd, SAFE, throw by CF made to third
Batting: RHB Dale Gribble 0-0: Ball
1-0: SINGLE (Groundball, 4M, EV 103.1 MPH) (infield hit)
Ralph McDonald scores
Barnes Libbinga to second
Batting: SHB Mike Sherman 0-0: Ball
1-0: Ball
2-0: Called Strike
2-1: SINGLE (Groundball, P, EV 76.9 MPH) (infield hit)
Barnes Libbinga to third
Dale Gribble to second
Batting: SHB Tom Gray 0-0: Ball
1-0: Foul Ball, location: 2F
1-1: SINGLE (Groundball, 4D, EV 105.0 MPH)
Barnes Libbinga scores
Dale Gribble to third
Mike Sherman to second
Runner from 3rd tries for Home, SAFE, throw by CF to home
Batting: LHB Keith Finley 0-0: Foul Ball, location: 2F
0-1: Ball
1-1: Ball
2-1: Hit by Pitch
Mike Sherman to third
Tom Gray to second
Batting: RHB Danny Warren 0-0: Ball
1-0: Ball
2-0: Swinging Strike
2-1: Ball
Wild Pitch!
Mike Sherman scores
Tom Gray to third
Keith Finley to second
3-1: Foul Ball, location: 2F
3-2: Foul Ball, location: 2F
3-2: Fly out, F9 (Line Drive, 9D, EV 108.8 MPH)
Bottom of the 6th over - 4 runs, 4 hits, 0 errors, 2 left on base; Austin 1 - Port Huron 9
TOP OF THE 7TH
Austin Black Mambas batting - Pitching for Port Huron Blitzkrieg : RHP Luis Montáñez
Batting: RHB Cal Moore 0-0: Called Strike
0-1: Fly out, F7 (Flyball, 7LM, EV 84.4 MPH)
Batting: RHB Bogdashka Eremkin 0-0: Ball
1-0: Called Strike
1-1: Foul Ball, location: 2F
1-2: Strikes out swinging
Batting: SHB Raúl Hernández 0-0: Called Strike
0-1: Ball
1-1: Swinging Strike
1-2: Ball
2-2: Ball
3-2: Fly out, F9 (Flyball, 9LS, EV 94.4 MPH)
Top of the 7th over - 0 runs, 0 hits, 0 errors, 0 left on base; Austin 1 - Port Huron 9
BOTTOM OF THE 7TH
Port Huron Blitzkrieg batting - Pitching for Austin Black Mambas : RHP Katsunosuki Hirayama
Batting: RHB Jorge Muñóz 0-0: Called Strike
0-1: Ball
1-1: Ball
2-1: Fly out, F9 (Flyball, 89S, EV 84.4 MPH)
Batting: RHB Zachary Spilsbury 0-0: Ball
1-0: Ball
2-0: Called Strike
2-1: Swinging Strike
2-2: Strikes out swinging
Batting: LHB Ralph McDonald 0-0: Called Strike
0-1: Ball
1-1: Ball
2-1: Ball
3-1: Fly out, F8 (Flyball, 8LD, EV 87.5 MPH)
Bottom of the 7th over - 0 runs, 0 hits, 0 errors, 0 left on base; Austin 1 - Port Huron 9
TOP OF THE 8TH
Austin Black Mambas batting - Pitching for Port Huron Blitzkrieg : RHP Luis Montáñez
Batting: LHB Ron Stevenson 0-0: Called Strike
0-1: SINGLE (Groundball, 4M, EV 101.2 MPH) (infield hit)
Batting: LHB Bruce Booth 0-0: Ball
1-0: Ball
2-0: Called Strike
2-1: Called Strike
2-2: Grounds into double play, 4-6-3 (Groundball, 4, EV 84.4 MPH)
Batting: LHB Miguel Angel Ibáñez 0-0: Ball
1-0: Called Strike
1-1: Foul Ball, location: 2F
1-2: Ball
2-2: Fly out, F4 (Popup, 4MS, EV 81.2 MPH)
Top of the 8th over - 0 runs, 1 hit, 0 errors, 0 left on base; Austin 1 - Port Huron 9
BOTTOM OF THE 8TH
Port Huron Blitzkrieg batting - Pitching for Austin Black Mambas : RHP Katsunosuki Hirayama
Pitching: RHP David Ferguson
Batting: SHB Barnes Libbinga 0-0: Ball
1-0: Foul Ball, location: 2F
1-1: Ball
2-1: Foul Ball, location: 2F
2-2: Ball
3-2: Ground out 3-1 (Groundball, 13, EV 86.9 MPH)
Batting: RHB Dale Gribble 0-0: Fly out, F9 (Flyball, 89XD, EV 101.2 MPH)
Batting: SHB Mike Sherman 0-0: Ball
1-0: Ball
2-0: Ball
3-0: Base on Balls
Batting: SHB Tom Gray 0-0: Called Strike
0-1: Ball
1-1: Ball
2-1: Foul Ball, location: 2F
2-2: Foul Ball, location: 2F
2-2: Strikes out swinging
Bottom of the 8th over - 0 runs, 0 hits, 0 errors, 1 left on base; Austin 1 - Port Huron 9
TOP OF THE 9TH
Austin Black Mambas batting - Pitching for Port Huron Blitzkrieg : RHP Luis Montáñez
Batting: RHB Jon Anderson 0-0: Fly out, F9 (Flyball, 9D, EV 93.8 MPH)
Batting: RHB Kuniyuki Sato 0-0: Ball
1-0: Ball
2-0: Reached on error, E6 (Groundball, 56D, EV 87.5 MPH)
Pitching: RHP Oscar Cates
Batting: RHB Francisco Aguilar 0-0: Ball
1-0: Foul Ball, location: 2F
1-1: SINGLE (Groundball, 6D, EV 94.4 MPH)
Kuniyuki Sato to second
Batting: RHB Cal Moore 0-0: Ball
1-0: Called Strike
1-1: Reached via error on a dropped throw from P, E4 (Groundball, 15S, EV 64.4 MPH)
Kuniyuki Sato to third
Francisco Aguilar to second
Batting: RHB Bogdashka Eremkin 0-0: Ball
1-0: Swinging Strike
1-1: Foul Ball, location: 2F
1-2: Ball
2-2: Foul Ball, location: 2F
2-2: Grounds into double play, 6-4-3 (Groundball, 6, EV 85.6 MPH)
Top of the 9th over - 0 runs, 1 hit, 2 errors, 2 left on base; Austin 1 - Port Huron 9
Monday, April 1st , 2024 - OOTP Baseball 23.10 Build 110